Unix NetHack Version 5.0.0-0 post-release - last build May 17 2026 04:57:42 (dc50c8380fa5e20985bfe3072449f57b8d9895ef,branch:main).

Game began 2026-05-19 00:52:11, ended 2026-05-19 01:09:39.

Brudee, chaotic female human Monk

                                                --
                                                 .
                                                 -.-
                                                 -..      ------
                                                  ...-    |....|
                                                    ..-   |.|<.|
                                                     ..   |.|---
                                                      ..---)|
                                                      -..|..---
                                                       -.G....#---- -- ---
                                                       |.-.f...%.........|  |
                                                       -...Ghh...0     .....--
                                                        -...@%..............*|
                                                    .....................-----
                                               -.........................|
                                             .......................?...--
                                            ------......---..............|
                                                 --..|.-  --.--...---...--
                                                  -----    --- ...|  ----
                                                               ----
Brudee the Novice               St:13 Dx:12 Co:12 In:11 Wi:12 Ch:15  Chaotic S:277
Dlvl:3  $:17 HP:0(29) Pw:16(16) AC:6  Xp:3/40 T:312 

Latest messages:
 You are still in a pit.
 You are still in a pit.
 You are still in a pit.
 You crawl to the edge of the pit.
 That door is closed.
 The door opens.
 You hear bubbling water.
 You descend the stairs.
 You see here a food ration.
 You see here a large box.
 Hmmm, the large box turns out to be locked.
 You see here a food ration.
 You learn more about your items by comparing them.
 e - an uncursed food ration (5 in total).
 You climb up the stairs.
 You swap places with Sparky.
 You swap places with Sparky.
 You descend the stairs.
 The gnome hits!
 You kill the gnome!
 n - a scroll of scare monster.
 You miss the gnome.
 You hear crashing rock.
 You hit the gnome.
 You kill the gnome!
 The dwarf wields a dagger!
 The gnome wields a spear!
 The spear welds itself to the gnome's hand!
 You kill the gnome!
 Welcome to experience level 2.
 Sparky eats a gnome corpse.
 You kill the gnome!
 The dwarf staggers from your powerful strike!
 You hit the gnome.
 You kill the gnome!
 Welcome to experience level 3.
 You feel healthy!
 The dwarf swings her broad pick.
 The dwarf hits!
 The dwarf picks up a cursed spear.
 You hit the dwarf.
 The dwarf wields a cursed spear!
 The spear welds itself to the dwarf's hand!
 You hit the dwarf.
 The dwarf swings her broad pick.
 The dwarf hits!
 The dwarf thrusts her spear.
 The dwarf hits!
 You die...
 Do you want your possessions identified? [ynq] (y) q

Inventory:
 Coins    ('$')
  $ - 17 gold pieces
 Armor    ('[')
  k - an uncursed +0 pair of gauntlets of dexterity (being worn)
  a - an uncursed +2 pair of leather gloves
  b - an uncursed +1 robe (being worn)
 Comestibles  ('%')
  f - 7 uncursed apples
  m - an uncursed cram ration
  e - 5 uncursed food rations
  h - 3 uncursed fortune cookies
  g - 7 uncursed oranges
 Scrolls  ('?')
  c - an uncursed scroll of scare monster
  n - an uncursed scroll of scare monster
 Spellbooks  ('+')
  i - a blessed spellbook of protection
 Potions  ('!')
  d - 3 uncursed potions of healing
  j - a cursed potion of monster detection
 Wands    ('/')
  l - a wand of undead turning (0:8)

Brudee the Monk's attributes:

Background:
 You were a Novice, a level 3 female human Monk.
 You were chaotic, on a mission for Huan Ti
 who was opposed by Shan Lai Ching (lawful) and Chih Sung-tzu (neutral).
 You were right-handed.
 You were in the Gnomish Mines, on level 3.
 You entered the dungeon 312 turns ago.
 It was nighttime.
 There was a new moon in effect when your adventure ended.
 You had 40 experience points, 40 more were needed to attain level 4.
 Your score was 277 before end-of-game adjustments.

Basics:
 You had 0 out of 29 hit points.
 You had all 16 energy points (spell power).
 Your armor class was 6.
 Your wallet contained 17 zorkmids.
 Autopickup was on for '$!=+?/"' plus thrown.

Final Characteristics:
 Your strength was 13 (limit:18/100).
 Your dexterity was 12 (limit:18).
 Your constitution was 12 (limit:18).
 Your intelligence was 11 (limit:18).
 Your wisdom was 12 (limit:18).
 Your charisma was 15 (limit:18).

Final Status:
 You weren't hungry.
 You were unencumbered.
 You were empty handed.
 You had basic skill with martial arts.

Final Attributes:
 You were fervently aligned.
 You were sleep resistant.
 You were poison resistant.
 You saw invisible.
 You were guarded.
 Your spell casting was enhanced by wearing a robe.
 You were fast.
 You are dead.

Miscellaneous:
 You didn't encounter any bones levels.
 Total elapsed playing time was 17 minutes and 27 seconds.

Major events:
 Turn
    1: Brudee the chaotic female human Monk entered the dungeon
  159: entered the Gnomish Mines
  310: attained the rank of Novice (level 3)
  312: killed by a dwarf

Spells:
 Name                 Level Category     Fail Retention
 protection             1   clerical       0%  76%-100%

Skills:
 Fighting Skills
   martial arts       [Basic]
 Weapon Skills
   quarterstaff       [Unskilled]
   spear              [Unskilled]
   crossbow           [Unskilled]
   shuriken           [Unskilled]
 Spellcasting Skills
   attack spells      [Unskilled]
   healing spells     [Basic]
   divination spells  [Unskilled]
   enchantment spells [Unskilled]
   clerical spells    [Unskilled]
   escape spells      [Unskilled]
   matter spells      [Unskilled]

Voluntary challenges:
 Character rerolling was not enabled.
 You went without food.
 You were an atheist.
 You never hit with a wielded weapon.
 You were illiterate.
 You never genocided any monsters.
 You never polymorphed an object.
 You never changed form.
 You used no wishes.
Achievements:
 You entered the Gnomish Mines.
 You attained the rank of Novice.

 The Dungeons of Doom: levels 1 to 3
    Level 1:
       A fountain.
    Level 2:
       A fountain.
       Stairs down to The Gnomish Mines.
    Level 3:
 The Gnomish Mines:
    Level 3: <- You were here.
       Final resting place for
          you, killed by a dwarf.


Vanquished creatures:
  5 gnomes
  a grid bug
  a kobold zombie
  4 newts
11 creatures vanquished.

No species were genocided or became extinct.

Game over:
                       ----------
                      /          \
                     /    REST    \
                    /      IN      \
                   /     PEACE      \
                  /                  \
                  |      Brudee      |
                  |      17 Au       |
                  |   killed by a    |
                  |      dwarf       |
                  |                  |
                  |                  |
                  |       2026       |
                 *|     *  *  *      | *
        _________)/\\_//(\/(/\)/\//\/|_)_______

Goodbye Brudee the Monk...

You died in The Gnomish Mines on dungeon level 3 with 276 points,
and 17 pieces of gold, after 312 moves.
You were level 3 with a maximum of 29 hit points when you died.

